SL
GRAFTON MIDDIES @ NEW AMSTERDAM REPUBLICS
08/02/2022
 
TOP OF THE 1ST
Grafton Middies batting - Pitching for New Amsterdam Republics : RHP Nathaniel Riley
Pitching: RHP Nathaniel Riley
Batting: RHB Pedro Orozco 0-0: Called Strike
0-1: Ball
1-1: Ground out 4-3 (Groundball, 4)
Batting: RHB Wes Bradley 0-0: Swinging Strike
0-1: Foul Ball, location: 2F
0-2: Ball
1-2: Foul Ball, location: 2F
1-2: Strikes out swinging
Batting: RHB Scotty Anderson 0-0: Ground out 5-3 (Groundball, 5F)
Top of the 1st over - 0 run(s), 0 hit(s), 0 error(s), 0 left on base; Grafton 0 - New Amsterdam 0
BOTTOM OF THE 1ST
New Amsterdam Republics batting - Pitching for Grafton Middies : LHP Reid Garner
Pitching: LHP Reid Garner
Batting: RHB António Pérez 0-0: SINGLE (Groundball, 56D)
Batting: LHB Félix López 0-0: Ball
1-0: Ball
2-0: Foul Ball, location: 2F
2-1: SINGLE (Groundball, 6M)
António Pérez to second
Runner from 2nd tries for 3rd, SAFE, throw made to third
Batting: RHB Júlio Maldonado 0-0: Ball
1-0: Fly out, F5 (Popup, 5SF)
Batting: RHB Carlos Ortega 0-0: Ball
1-0: Called Strike
1-1: Foul Ball, location: 2F
1-2: Ball
2-2: Foul Ball, location: 2F
2-2: Strikes out looking
Batting: LHB Steve Ingram 0-0: Ball
1-0: Ground out 4-3 (Groundball, 4)
Bottom of the 1st over - 0 run(s), 2 hit(s), 0 error(s), 2 left on base; Grafton 0 - New Amsterdam 0
TOP OF THE 2ND
Grafton Middies batting - Pitching for New Amsterdam Republics : RHP Nathaniel Riley
Batting: RHB Raúl Robles 0-0: Called Strike
0-1: Foul Ball, location: 2F
0-2: SINGLE (Line Drive, 4MD)
Batting: RHB Mark Davis 0-0: Swinging Strike
Passed Ball!
Raúl Robles to second
0-1: Ball
1-1: Fly out, F7 (Flyball, 78XD)
Runner from 2nd tags up, SAFE at 3rd, no throw
Batting: RHB Brady Ferris 0-0: Ball
1-0: Called Strike
1-1: Ground out 4-3 (Groundball, 13)
Raúl Robles scores
Batting: RHB Nathan Boswell 0-0: Ball
1-0: SINGLE (Line Drive, 89M)
Batting: RHB Justin Bingham 0-0: Ball
1-0: Foul Ball, location: 2F
1-1: Foul Ball, location: 2F
1-2: Strikes out swinging
Top of the 2nd over - 1 run(s), 2 hit(s), 0 error(s), 1 left on base; Grafton 1 - New Amsterdam 0
BOTTOM OF THE 2ND
New Amsterdam Republics batting - Pitching for Grafton Middies : LHP Reid Garner
Batting: RHB Ed Anderson 0-0: Ball
1-0: Called Strike
1-1: Called Strike
1-2: Ground out 6-3 (Groundball, 56)
Pitching: RHP Austin Abbott
Batting: LHB Tony Reynolds 0-0: SINGLE (Groundball, 34D)
Batting: RHB Tim Robinson 0-0: Ball
1-0: Ball
2-0: Ball
3-0: Foul Ball, location: 2F
3-1: Grounds into double play, 5-4-3 (Groundball, 56)
Bottom of the 2nd over - 0 run(s), 1 hit(s), 0 error(s), 0 left on base; Grafton 1 - New Amsterdam 0
TOP OF THE 3RD
Grafton Middies batting - Pitching for New Amsterdam Republics : RHP Nathaniel Riley
Batting: RHB Danny Hall 0-0: Ground out 5-3 (Groundball, 56)
Batting: RHB Pedro Orozco 0-0: Foul Ball, location: 2F
0-1: Ball
1-1: Ground out 6-3 (Groundball, 6)
Batting: RHB Wes Bradley 0-0: Ball
1-0: SOLO HOME RUN (Flyball, 78XD), Distance : 415 ft
Batting: RHB Scotty Anderson 0-0: Fly out, F7 (Flyball, 78S)
Top of the 3rd over - 1 run(s), 1 hit(s), 0 error(s), 0 left on base; Grafton 2 - New Amsterdam 0
BOTTOM OF THE 3RD
New Amsterdam Republics batting - Pitching for Grafton Middies : RHP Austin Abbott
Batting: RHB Manuel Martínez 0-0: Fly out, F9 (Flyball, 89M)
Batting: RHB António Pérez 0-0: Called Strike
0-1: Foul Ball, location: 2F
0-2: Strikes out swinging
Batting: LHB Félix López 0-0: Called Strike
0-1: Ball
1-1: Foul Ball, location: 2F
1-2: Strikes out looking
Bottom of the 3rd over - 0 run(s), 0 hit(s), 0 error(s), 0 left on base; Grafton 2 - New Amsterdam 0
TOP OF THE 4TH
Grafton Middies batting - Pitching for New Amsterdam Republics : RHP Nathaniel Riley
Batting: RHB Raúl Robles 0-0: Ball
1-0: Reached on error, E6 (Groundball, 6M)
Batting: RHB Mark Davis 0-0: Called Strike
0-1: DOUBLE (Flyball, 78D)
Raúl Robles to third
Batting: RHB Brady Ferris 0-0: Fly out, F8 (Popup, 4MD)
Batting: RHB Nathan Boswell 0-0: Foul Ball, location: 2F
0-1: Ball
1-1: Swinging Strike
1-2: Strikes out looking
Batting: RHB Justin Bingham 0-0: Foul Ball, location: 2F
0-1: Ball
1-1: Foul Ball, location: 2F
1-2: Ground out 5-3 (Groundball, 56)
Top of the 4th over - 0 run(s), 1 hit(s), 1 error(s), 2 left on base; Grafton 2 - New Amsterdam 0
BOTTOM OF THE 4TH
New Amsterdam Republics batting - Pitching for Grafton Middies : RHP Austin Abbott
Batting: RHB Júlio Maldonado 0-0: Foul Ball, location: 2F
0-1: Foul Ball, location: 2F
0-2: Ball
1-2: Strikes out swinging
Batting: RHB Carlos Ortega 0-0: Fly out, F3 (Popup, 3DF)
Batting: LHB Steve Ingram 0-0: Called Strike
0-1: Swinging Strike
0-2: Ball
1-2: Ball
2-2: Strikes out swinging
Bottom of the 4th over - 0 run(s), 0 hit(s), 0 error(s), 0 left on base; Grafton 2 - New Amsterdam 0
TOP OF THE 5TH
Grafton Middies batting - Pitching for New Amsterdam Republics : RHP Nathaniel Riley
Batting: RHB Danny Hall 0-0: Called Strike
0-1: SINGLE (Line Drive, 7LS)
Batting: RHB Pedro Orozco 0-0: Sac Bunt - play at first, batter OUT! 1-4
Danny Hall to second
Batting: RHB Wes Bradley 0-0: Ball
1-0: Ball
2-0: SINGLE (Groundball, 6MD)
Danny Hall to third
Batting: RHB Scotty Anderson 0-0: Foul Ball, location: 2F
0-1: Called Strike
Wes Bradley steals 2nd base
0-2: Fly out, F8 (Flyball, 8RM)
Runner from 3rd tags up, SCORES, throw made
Batting: RHB Raúl Robles 0-0: Ball
Wild Pitch!
Wes Bradley to third
1-0: Ground out 5-3 (Groundball, 5)
Top of the 5th over - 1 run(s), 2 hit(s), 0 error(s), 1 left on base; Grafton 3 - New Amsterdam 0
BOTTOM OF THE 5TH
New Amsterdam Republics batting - Pitching for Grafton Middies : RHP Austin Abbott
Batting: RHB Ed Anderson 0-0: Ball
1-0: Ball
2-0: Called Strike
2-1: Ball
3-1: Base on Balls
Batting: LHB Tony Reynolds 0-0: Ball
1-0: Bunted foul
1-1: Ball
2-1: Ball
3-1: Bunted foul
3-2: Base on Balls
Ed Anderson to second
Batting: RHB Tim Robinson 0-0: Ball
1-0: Foul Ball, location: 2F
1-1: Ball
2-1: Called Strike
2-2: Foul Ball, location: 2F
2-2: Ball
3-2: Base on Balls
Ed Anderson to third
Tony Reynolds to second
Batting: RHB Manuel Martínez 0-0: Ball
1-0: Ball
2-0: Called Strike
2-1: Foul Ball, location: 2F
2-2: Ball
3-2: Base on Balls
Ed Anderson scores
Tony Reynolds to third
Tim Robinson to second
Batting: RHB António Pérez 0-0: Called Strike
0-1: Ball
1-1: Foul Ball, location: 2F
1-2: Strikes out swinging
Batting: LHB Félix López 0-0: Called Strike
0-1: Foul Ball, location: 2F
0-2: Ball
1-2: Ball
2-2: Ball
3-2: Base on Balls
Tony Reynolds scores
Tim Robinson to third
Manuel Martínez to second
Batting: RHB Júlio Maldonado 0-0: Ball
1-0: Foul Ball, location: 2F
1-1: Ball
2-1: Swinging Strike
2-2: Ball
3-2: Base on Balls
Tim Robinson scores
Manuel Martínez to third
Félix López to second
Batting: RHB Carlos Ortega 0-0: Swinging Strike
0-1: Swinging Strike
0-2: Fly out, F3 (Popup, 3SF)
Batting: LHB Steve Ingram 0-0: Ball
1-0: Ball
2-0: Ball
3-0: Called Strike
3-1: Swinging Strike
3-2: Strikes out swinging
Bottom of the 5th over - 3 run(s), 0 hit(s), 0 error(s), 3 left on base; Grafton 3 - New Amsterdam 3
TOP OF THE 6TH
Grafton Middies batting - Pitching for New Amsterdam Republics : RHP Nathaniel Riley
Batting: RHB Mark Davis 0-0: Ball
1-0: Fly out, F7 (Flyball, 7D)
Batting: RHB Brady Ferris 0-0: Called Strike
0-1: Ball
1-1: Ball
2-1: Ground out 6-3 (Groundball, 6)
Batting: RHB Nathan Boswell 0-0: Called Strike
0-1: Fly out, F7 (Flyball, 7D)
Top of the 6th over - 0 run(s), 0 hit(s), 0 error(s), 0 left on base; Grafton 3 - New Amsterdam 3
BOTTOM OF THE 6TH
New Amsterdam Republics batting - Pitching for Grafton Middies : RHP Austin Abbott
Pitching: RHP Domingo Álvarez
Batting: RHB Ed Anderson 0-0: Fly out, F8 (Flyball, 8RM)
Batting: LHB Tony Reynolds 0-0: Called Strike
0-1: Ball
1-1: Called Strike
1-2: Foul Ball, location: 2F
1-2: Fly out, F8 (Flyball, 8RD)
Batting: RHB Tim Robinson 0-0: Ball
1-0: Ball
2-0: Ball
3-0: Base on Balls
Batting: RHB Manuel Martínez 0-0: Ball
1-0: Swinging Strike
1-1: Foul Ball, location: 2F
1-2: Ball
2-2: Strikes out swinging
Bottom of the 6th over - 0 run(s), 0 hit(s), 0 error(s), 1 left on base; Grafton 3 - New Amsterdam 3
TOP OF THE 7TH
Grafton Middies batting - Pitching for New Amsterdam Republics : RHP Nathaniel Riley
Batting: RHB Justin Bingham 0-0: Ball
1-0: Ball
2-0: Ball
3-0: Base on Balls
Batting: RHB Danny Hall 0-0: Ball
1-0: Bunted foul
1-1: Bunted foul
1-2: Strikes out looking
Batting: RHB Pedro Orozco 0-0: Foul Ball, location: 2F
0-1: Ball
1-1: Ball
2-1: Ball
3-1: Foul Ball, location: 2F
3-2: Base on Balls
Justin Bingham to second
Pinch Runner at 2nd José Peña:
Batting: RHB Wes Bradley 0-0: Called Strike
0-1: Ball
1-1: Ball
José Peña steals 3rd base
Pedro Orozco to second
2-1: Ball
3-1: Foul Ball, location: 2F
3-2: Reached on error, E6 (Groundball, 6)
José Peña scores
Pedro Orozco scores
Batting: RHB Scotty Anderson 0-0: Ball
1-0: Called Strike
1-1: Swinging Strike
1-2: DOUBLE (Line Drive, 7LM)
Wes Bradley scores
Batting: RHB Raúl Robles 0-0: Intentional Walk
Pitching: RHP Decheng Sun
Batting: RHB Mark Davis 0-0: Ball
1-0: SINGLE (Groundball, 56D)
Scotty Anderson to third
Raúl Robles to second
Runner from 3rd tries for Home, SAFE, no throw or cutoff
Batting: RHB Brady Ferris 0-0: Foul Ball, location: 2F
0-1: Foul Ball, location: 2F
0-2: Foul Ball, location: 2F
0-2: Foul Ball, location: 2F
0-2: Ball
1-2: Strikes out swinging
Batting: RHB Nathan Boswell 0-0: Ball
1-0: Ball
2-0: Called Strike
2-1: SINGLE (Groundball, 6M)
Raúl Robles to third
Mark Davis to second
Runner from 3rd tries for Home, SAFE, no throw or cutoff
Batting: RHB José Peña 0-0: Called Strike
0-1: Ball
1-1: Foul Ball, location: 2F
1-2: Foul Ball, location: 2F
1-2: Foul Ball, location: 2F
1-2: Strikes out swinging
Top of the 7th over - 5 run(s), 3 hit(s), 1 error(s), 2 left on base; Grafton 8 - New Amsterdam 3
BOTTOM OF THE 7TH
New Amsterdam Republics batting - Pitching for Grafton Middies : RHP Domingo Álvarez
Batting: RHB António Pérez 0-0: Ball
1-0: Foul Ball, location: 2F
1-1: Ground out 1-3 (Groundball, 15)
Batting: LHB Félix López 0-0: Ball
1-0: Ball
2-0: Called Strike
2-1: Swinging Strike
2-2: Strikes out looking
Batting: RHB Júlio Maldonado 0-0: Ball
1-0: Fly out, F7 (Flyball, 7D)
Bottom of the 7th over - 0 run(s), 0 hit(s), 0 error(s), 0 left on base; Grafton 8 - New Amsterdam 3
TOP OF THE 8TH
Grafton Middies batting - Pitching for New Amsterdam Republics : RHP Decheng Sun
Batting: RHB Danny Hall 0-0: Swinging Strike
0-1: Called Strike
0-2: Ball
1-2: Ground out 6-3 (Groundball, 6M)
Batting: RHB Pedro Orozco 0-0: Foul Ball, location: 2F
0-1: Ball
1-1: DOUBLE (Groundball, 3D)
Batting: RHB Wes Bradley 0-0: Foul Ball, location: 2F
0-1: Ball
1-1: Ball
2-1: Foul Ball, location: 2F
2-2: Ground out 5-3 (Groundball, 56)
Batting: RHB Scotty Anderson 0-0: Called Strike
0-1: Ball
1-1: DOUBLE (Flyball, 9LD)
Pedro Orozco scores
Batting: RHB Raúl Robles 0-0: Ball
1-0: Called Strike
1-1: 2-RUN HOME RUN (Flyball, 78XD), Distance : 429 ft
Batting: RHB Mark Davis 0-0: Called Strike
0-1: Ball
1-1: Called Strike
1-2: Strikes out swinging
Top of the 8th over - 3 run(s), 3 hit(s), 0 error(s), 0 left on base; Grafton 11 - New Amsterdam 3
BOTTOM OF THE 8TH
New Amsterdam Republics batting - Pitching for Grafton Middies : RHP Domingo Álvarez
Batting: RHB Carlos Ortega 0-0: Ball
1-0: Ball
2-0: SOLO HOME RUN (Flyball, 78XD), Distance : 427 ft
Batting: LHB Steve Ingram 0-0: Swinging Strike
0-1: Called Strike
0-2: Foul Ball, location: 2F
0-2: Ball
1-2: Strikes out swinging
Batting: RHB Ed Anderson 0-0: Ball
1-0: Ball
2-0: SINGLE (Line Drive, 34D)
Batting: LHB Tony Reynolds 0-0: Called Strike
0-1: Fly out, F8 (Flyball, 8LS)
Batting: RHB Tim Robinson 0-0: Ball
1-0: Ball
2-0: Foul Ball, location: 2F
2-1: Called Strike
2-2: Ground out 6-3 (Groundball, 6)
Bottom of the 8th over - 1 run(s), 2 hit(s), 0 error(s), 1 left on base; Grafton 11 - New Amsterdam 4
TOP OF THE 9TH
Grafton Middies batting - Pitching for New Amsterdam Republics : RHP Decheng Sun
Pitching: LHP Frenk Norman
Batting: RHB Brady Ferris 0-0: Ball
1-0: Foul Ball, location: 2F
1-1: Ball
2-1: SINGLE (Flyball, 9S)
Batting: RHB Nathan Boswell 0-0: Called Strike
Brady Ferris steals 2nd base
0-1: Swinging Strike
0-2: Fly out, F9 (Popup, 9S)
Batting: RHB José Peña 0-0: Called Strike
0-1: Ball
1-1: Swinging Strike
1-2: Ball
2-2: Foul Ball, location: 2F
2-2: Strikes out swinging
Batting: RHB Danny Hall 0-0: Foul Ball, location: 2F
0-1: Ball
1-1: Swinging Strike
1-2: Ball
2-2: Ball
3-2: SINGLE (Flyball, 9LS)
Brady Ferris to third
Brady Ferris scores
Batting: RHB Pedro Orozco 0-0: Ball
1-0: Ball
2-0: Called Strike
2-1: Ground out 4-3 (Groundball, 34)
Top of the 9th over - 1 run(s), 2 hit(s), 0 error(s), 1 left on base; Grafton 12 - New Amsterdam 4
BOTTOM OF THE 9TH
New Amsterdam Republics batting - Pitching for Grafton Middies : RHP Domingo Álvarez
Batting: RHB Manuel Martínez 0-0: Swinging Strike
0-1: Ball
1-1: Foul Ball, location: 2F
1-2: Hit by Pitch
Pitching: RHP Truman Valentine
Batting: RHB António Pérez 0-0: Called Strike
0-1: Foul Ball, location: 2F
0-2: Foul Ball, location: 2F
0-2: Ground out 5-3 (Groundball, 56S)
Manuel Martínez to second
Batting: LHB Félix López 0-0: Called Strike
0-1: Foul Ball, location: 2F
0-2: Ball
1-2: Strikes out swinging
Batting: RHB Júlio Maldonado 0-0: Called Strike
0-1: Ball
1-1: Called Strike
1-2: Foul Ball, location: 2F
1-2: Ball
2-2: Ground out 5-3 (Groundball, 5L)
Bottom of the 9th over - 0 run(s), 0 hit(s), 0 error(s), 1 left on base; Grafton 12 - New Amsterdam 4
This league is powered by Out of the Park Baseball, the baseball management simulation game for PC, Mac and Linux
Friday, April 15th, 2016 - OOTP Baseball 16.9 Build 39